 Dungeon Crawl Stone Soup version 0.26-a0-670-g578ab304f5 (webtiles) character file.

Game seed: 9093323378440533943

6453 Kinoniko the Fighter (level 10, -10/184 HPs)
             Began as an Ogre Berserker on Oct 19, 2020.
             Was a High Priest of Trog.
             Mangled by a death yak (14 damage)
             ... on level 10 of the Dungeon.
             The game lasted 00:14:40 (9299 turns).

Kinoniko the Fighter (Ogre Berserker)               Turns: 9299, Time: 00:14:43

Health: -10/184    AC:  9    Str: 26    XL:     10   Next: 99%
Magic:  10/10      EV: 11    Int: 11    God:    Trog [*****.]
Gold:   1600       SH:  0    Dex: 14    Spells: 9/9 levels left

rFire    . . .     SeeInvis .   A - +7 halberd (flame)
rCold    . . .     Faith    .   (shield currently unavailable)
rNeg     . . .     Spirit   .   b - +1 animal skin
rPois    .         Reflect  .   s - +2 hat {Int+3}
rElec    .         Harm     .   N - +2 cloak
rCorr    .         Rampage  .   (gloves unavailable)
MR       +....                  (boots unavailable)
Stlth    ..........             t - amulet of regeneration
HPRegen  0.80/turn              y - +6 ring of dexterity
MPRegen  0.12/turn              (no ring)

@: berserking (expiring), very quick
A: large, unfitting armour, tough skin 1
a: Berserk, Trog's Hand, Brothers in Arms, Renounce Religion


You were on level 10 of the Dungeon.
You worshipped Trog.
Trog was extremely pleased with you.
You visited 1 branch of the dungeon, and saw 10 of its levels.
You also visited: Sewer.

You collected 1894 gold pieces.
You spent 294 gold pieces at shops.

Inventory:

Hand Weapons
 a - a +3 spear
 q - a +3 vorpal spear
 r - a +5 spear of draining
 A - a +7 halberd of flaming (weapon)
Armour
 b - a +1 animal skin (worn)
 s - a +2 hat of intelligence (worn)
 N - a +2 cloak (worn)
Jewellery
 t - an amulet of regeneration (around neck)
 y - a +6 ring of dexterity (left hand)
 E - an uncursed amulet of the acrobat
 M - a cursed amulet of inaccuracy {unknown}
Wands
 v - a wand of flame (45)
 w - a wand of iceblast (10)
 B - a wand of paralysis (6)
 I - a wand of polymorph (6)
Scrolls
 d - 3 scrolls of blinking
 f - 4 scrolls of teleportation
 l - 2 scrolls of fear
 o - 5 scrolls of remove curse
 D - 2 scrolls of magic mapping
 F - a scroll of identify
 K - a scroll of brand weapon
 L - a scroll of holy word
Potions
 c - a potion of cancellation
 e - 2 potions of brilliance {unknown}
 g - 5 potions of invisibility
 h - 6 potions of heal wounds
 i - 2 potions of flight
 j - 4 potions of might
 k - a potion of degeneration {unknown}
 m - 10 potions of curing
 n - a potion of stabbing
 p - 2 potions of lignification
 u - a potion of magic {unknown}
 z - a potion of mutation {unknown}
 C - 3 potions of haste
 G - a potion of ambrosia {unknown}
 H - a potion of resistance {unknown}
 J - a potion of berserk rage {unknown}


   Skills:
 * Level 14.6 Fighting
 * Level 11.7 Polearms
 - Level 2.9 Dodging


You had 9 spell levels left.
You didn't know any spells.
Your spell library contained the following spells:

 Spells                   Type           Power        Failure   Level
 Beastly Appendage        Tmut           #.....       34%         1
 Magic Dart               Conj           #...         34%         1
 Blink                    Tloc           N/A          47%         2
 Call Imp                 Summ           #.......     47%         2
 Slow                     Hex            #.......     47%         2
 Wereblood                Tmut           #.......     47%         2
 Conjure Flame            Conj/Fire      #.......     71%         3
 Mephitic Cloud           Conj/Pois/Air  #.......     71%         3
 Spider Form              Tmut/Pois      #.........   71%         3
 Ice Form                 Ice/Tmut       #.......     98%         4
 Blade Hands              Tmut           #.........   100%        5


Dungeon Overview and Level Annotations

Branches:
Dungeon (10/15)            Temple (0/1) D:5            Lair (0/6) D:10
  Sewer (visited)
    Orc: D:9-12

Altars:
Dithmenos
Fedhas
Gozag
Hepliaklqana
Kikubaaqudgha
Makhleb
Nemelex Xobeh
Ru
Sif Muna
Trog
Vehumet
Wu Jian
Yredelemnul
The Shining One

Shops:
D:5 [


Innate Abilities, Weirdness & Mutations

You are too large for most types of armour.
You have tough skin. (AC +1)


Message History

The death yak barely misses you.
You slash the death yak! You burn the death yak.
The death yak is almost dead.
The death yak barely misses you.
You hit the death yak but do no damage.
The death yak is almost dead.
The death yak gores you!
* * * LOW HITPOINT WARNING * * *
The death yak closely misses you.
You slash the death yak! You burn the death yak.
The death yak is almost dead.
The death yak gores you.
* * * LOW HITPOINT WARNING * * *
You slash the death yak! You burn the death yak.
You kill the death yak!
Trog accepts your kill. The death yak gores you!!
* * * LOW HITPOINT WARNING * * *
The death yak gores you!
You die...

#.........#
#.........#
#.........
#..(......#
#.......>.
##.........#
#.....#.. .
...........#
#..u...##..
...........#
#..........
...........#
#..........
##.........#
#.Y.Y#.....
#..######.#
#..@?......
#..#
#.###.......#.#
#..#
#...........#
#..#
#...........#
#..#
#...........#
#..#
#...........#
#..#
#...........#
#..#
#....(......#
#..#
#...........#


You could see 2 death yaks and a white ugly thing.

Vanquished Creatures
  Erolcha (D:9)
  3 death yaks (D:10)
  A wyvern (D:8)
  A water moccasin (D:9)
  A hornet zombie (D:8)
  2 ice beasts (D:7)
  A necrophage (D:7)
  2 orc warriors (D:6)
  A black bear (D:6)
  A sky beast (D:8)
  2 ogres
  2 centaurs
  A big kobold (Sewer)
  5 bullfrogs
  A water moccasin zombie (D:9)
  2 wyvern skeletons (D:8)
  3 water moccasin skeletons
  7 scorpions
  12 wights
  3 howler monkeys
  A quasit (D:9)
  3 hounds
  2 jellies
  2 orc priests (D:4)
  2 centaur skeletons (D:6)
  3 iguanas
  3 orc wizards
  6 worker ants
  16 adders
  A shadow imp (D:5)
  2 white imps
  3 ufetubi
  2 oozes
  An adder skeleton (D:4)
  An adder zombie (D:6)
  7 worms
  2 dart slugs (D:1)
  9 leopard geckos
  33 orcs
  7 ball pythons
  10 giant cockroaches
  5 hobgoblins
  13 jackals
  12 kobolds
  2 quokkas
  6 bats
  8 frilled lizards
  13 goblins
  A jackal skeleton (D:6)
  2 leopard gecko zombies
  A quokka skeleton (D:6)
  A quokka zombie (D:5)
  8 rats
240 creatures vanquished.

Notes
Turn   | Place    | Note
-------+----------+-------------------------------------------
     0 | D:1      | Kinoniko the Ogre Berserker began the quest for the Orb.
     0 | D:1      | Reached XP level 1. HP: 24/24 MP: 1/1
    39 | D:1      | Reached XP level 2. HP: 26/32 MP: 2/2
   502 | D:1      | Reached ** piety under Trog
   502 | D:1      | Reached XP level 3. HP: 40/40 MP: 3/3
  1269 | D:2      | Found a hazy altar of Hepliaklqana.
  1304 | D:2      | Found a burning altar of Makhleb.
  1324 | D:2      | Reached skill level 5 in Fighting
  1326 | D:2      | HP: 2/63 [leopard gecko (3)]
  1332 | D:2      | Reached XP level 4. HP: 4/50 MP: 4/4
  1740 | D:2      | Found an ornate altar of the Wu Jian Council.
  2705 | D:2      | Reached *** piety under Trog
  2808 | D:3      | Reached XP level 5. HP: 53/59 MP: 5/5
  2968 | D:3      | Found a glowing drain.
  2982 | Sewer    | Entered a sewer
  2990 | Sewer    | Reached skill level 6 in Fighting
  3052 | Sewer    | Noticed a big kobold
  3062 | Sewer    | Killed a big kobold
  3062 | Sewer    | Reached skill level 5 in Polearms
  3062 | Sewer    | Reached XP level 6. HP: 68/68 MP: 6/6
  3614 | D:3      | Found a blossoming altar of Fedhas.
  3786 | D:3      | Found a glowing golden altar of the Shining One.
  3856 | D:3      | Found a shadowy altar of Dithmenos.
  3993 | D:4      | Reached **** piety under Trog
  3993 | D:4      | Reached skill level 7 in Fighting
  4094 | D:4      | Reached XP level 7. HP: 78/78 MP: 7/7
  4389 | D:4      | Reached skill level 8 in Fighting
  4931 | D:5      | Entered Level 5 of the Dungeon
  4960 | D:5      | Found a staircase to the Ecumenical Temple.
  5120 | D:5      | Found a basalt altar of Yredelemnul.
  5152 | D:5      | Found Nuijaux's Armour Shop.
  5155 | D:5      | Bought a +2 hat of intelligence for 294 gold pieces
  5221 | D:5      | Found an opulent altar of Gozag.
  5351 | D:5      | Reached XP level 8. HP: 91/91 MP: 8/8
  5353 | D:5      | Reached skill level 9 in Fighting
  6086 | D:6      | Paralysed by an orc for 7 turns
  6192 | D:6      | Reached skill level 10 in Fighting
  6368 | D:6      | Reached ***** piety under Trog
  6501 | D:6      | Reached XP level 9. HP: 102/102 MP: 9/9
  6718 | D:6      | Reached skill level 11 in Fighting
  7425 | D:7      | Reached skill level 12 in Fighting
  7801 | D:8      | Found an ancient bone altar of Kikubaaqudgha.
  7838 | D:8      | Reached skill level 10 in Polearms
  8190 | D:8      | Identified a scroll of acquirement
  8191 | D:8      | Acquired 1242 gold pieces
  8198 | D:8      | Found a radiant altar of Vehumet.
  8202 | D:8      | Found a shimmering blue altar of Sif Muna.
  8202 | D:8      | Found a bloodstained altar of Trog.
  8202 | D:8      | Found a sacrificial altar of Ru.
  8202 | D:8      | Found a sparkling altar of Nemelex Xobeh.
  8417 | D:8      | Reached XP level 10. HP: 112/118 MP: 10/10
  8480 | D:8      | Received a gift from Trog
  8564 | D:8      | Reached skill level 13 in Fighting
  8778 | D:9      | Noticed Erolcha
  8783 | D:9      | Killed Erolcha
  9085 | D:10     | Entered Level 10 of the Dungeon
  9278 | D:10     | Noticed a death yak
  9280 | D:10     | Found a staircase to the Lair.
  9280 | D:10     | Noticed a death yak
  9280 | D:10     | Noticed a death yak
  9281 | D:10     | Noticed a death yak
  9281 | D:10     | Noticed a death yak
  9286 | D:10     | Killed a death yak
  9286 | D:10     | Reached skill level 14 in Fighting
  9289 | D:10     | Killed a death yak
  9294 | D:10     | Noticed a white ugly thing
  9299 | D:10     | Killed a death yak
  9299 | D:10     | HP: 4/184 [death yak (26)]
  9299 | D:10     | Mangled by a death yak

Illustrated notes

Levels and vault maps discovered:
D:1:      minmay_arrival_shattered_statue, layout_basic
D:2:      layout_basic, nicolae_overflow_crystal_walls, lemuel_crystal_altar,
          lemuel_crystal_altar, minmay_randomly_rotated_circles
D:3:      layout_rooms, tso_altar, fedhas_altar_1, grunt_dithmenos_smoke,
          gup_sewer_entry_pipe
D:4:      layout_rooms, feat_on_display
D:5:      layout_basic, grunt_gozag_statues, minmay_temple_entry_stoned_glass,
          serial_shops, nicolae_shop_behind_doors, basic_altar
D:6:      layout_basic, kennysheep_generic_room_4
D:7:      layout_basic
D:8:      layout_layer_cave, grunt_temple_overflow_open, old_standard_altar,
          hangedman_abyss_or_decor_slice
D:9:      minmay_klotski, layout_rooms, uniq_erolcha
D:10:     layout_long_grid, dpeg_lair_monsters, uniq_maurice

Skill      XL: |  1  2  3  4  5  6  7  8  9 10 |
---------------+-------------------------------+-----
Fighting       | 5 6 7 8 10 12 14 | 14.6
Polearms       | 4 5 6 8 10 11 | 11.7
Dodging        | |  2.9

Action                   |  1- 3 |  4- 6 |  7- 9 | 10-12 || total
-------------------------+-------+-------+-------+-------++-------
Melee: Spear             |   120 |   241 |   374 |     7 ||   742
       Halberd           |       |       |       |    47 ||    47
Invok: Berserk           |     2 |    12 |    18 |     2 ||    34
  Use: Scroll            |       |    14 |    18 |     2 ||    34
 Stab: Sleeping          |     2 |     1 |     1 |       ||     4
Armor: Animal skin       |    23 |    26 |    58 |    14 ||   121
Dodge: Dodged            |    59 |    69 |   116 |    17 ||   261

Table legend: (Time is in decaauts)
 A = Elapsed time spent in this place.
 B = Non-inter-level travel time spent in this place.
 C = Inter-level travel time spent in this place.
 D = Time resting spent in this place.
 E = Time spent auto-exploring this place.
 F = Levels seen in this place.
 G = Mean time per level.
                   A        B        C        D        E       F      G
               +--------+--------+--------+--------+--------+-----+--------+
         Total |   9539 |   9202 |    337 |   2668 |   4997 |  11 |  867.2 |
       Dungeon |   8859 |   8522 |    337 |   2429 |   4791 |  10 |  885.9 |
         Sewer |    680 |    680 |      0 |    238 |    206 |   1 |  680.0 |
               +--------+--------+--------+--------+--------+-----+--------+

Top non-repeatable levels by time:
     D:2: 1616 daAuts
     D:1: 1178 daAuts
     D:6: 1114 daAuts
     D:8: 1110 daAuts
     D:4: 978 daAuts
     D:5: 908 daAuts
     D:7: 757 daAuts
   Sewer: 680 daAuts
     D:3: 666 daAuts
     D:9: 320 daAuts
    D:10: 207 daAuts
